 Dungeon Crawl Stone Soup version 0.17.2-1-ge4368a0 (webtiles) character file.

410 Goblin1989 the Sneak (level 6, -4/30 HPs)
             Began as a Spriggan Assassin on Sept 25, 2016.
             Splashed by a jelly's acid (9 damage)
             ... on level 6 of the Dungeon.
             The game lasted 00:08:57 (2694 turns).

Goblin1989 the Sneak (Spriggan Assassin)            Turns: 2694, Time: 00:08:57

Health: -4/30      AC:  3    Str:  7    XL:     6   Next: 58%
Magic:  7/7        EV: 21    Int: 13    God:
Gold:   136        SH:  0    Dex: 19    Spells: 0 memorised, 5 levels left

rFire  . . .     SeeInvis +     r - +0 dagger (venom)
rCold  . . .     Clarity  .     c - +0 robe
rNeg   . . .     SustAt   .     (shield restricted)
rPois  .         Gourm    .     (helmet restricted)
rElec  .         Spirit   .     d - +0 cloak
rCorr  .         Warding  .     (gloves unavailable)
rMut   .         Stasis   .     (boots unavailable)
MR     +....                    (no amulet)
Stlth  ++++++....               (no ring)
                                i - ring of stealth

@: very quick, somewhat resistant to hostile enchantments, very stealthy
A: unfitting armour, see invisible, herbivore 3, speed 3, slow metabolism 2
a: no special abilities


You were on level 6 of the Dungeon.
You were not hungry.

You visited 1 branch of the dungeon, and saw 6 of its levels.

You collected 136 gold pieces.

Inventory:

Hand Weapons
 a - a +2 dagger
 b - a +0 blowgun
 q - a +0 rapier
 r - a +0 dagger of venom (weapon)
Missiles
 e - 6 poisoned needles
 f - a curare-tipped needle
Armour
 c - a +0 robe (worn)
 d - a +0 cloak (worn)
Jewellery
 i - a ring of stealth (left hand)
 w - an uncursed ring of magical power {unknown}
Scrolls
 h - a scroll of identify {unknown}
 j - a scroll of recharging {unknown}
 m - 3 scrolls of remove curse {unknown}
 n - a scroll of teleportation {unknown}
 o - 2 scrolls of fear {unknown}
 s - 4 scrolls of magic mapping {unknown}
 t - a scroll of random uselessness {unknown}
Potions
 k - a potion of lignification
 l - a potion of agility {unknown}
 p - a potion of cure mutation {unknown}
 u - 2 potions of curing
 v - a potion of cancellation {unknown}
Comestibles
 g - 3 bread rations


   Skills:
 - Level 1.5 Fighting
 * Level 5.7 Short Blades
 - Level 2.0 Throwing
 + Level 4.9 Dodging
 + Level 7.9 Stealth


You had 5 spell levels left.
You didn't know any spells.

Dungeon Overview and Level Annotations

Branches:
Dungeon (7/15)
 Temple: D:4-7

Altars:
Ashenzari
Gozag
Makhleb
Qazlal
Ru
Sif Muna
Trog
Xom
Zin

Annotations:
D:6 exclusion: Duvessa, Duvessa


Innate Abilities, Weirdness & Mutations

You are tiny and cannot use many weapons and most armour.
You have supernaturally acute eyesight.
You are a herbivore.
You cover ground extremely quickly.
You need consume almost no food.


Message History

Found a stone staircase leading down.
Really attack while wielding your +0 blowgun? [Y]es or [N]o only, please.
Really attack while wielding your +0 blowgun?
Okay, then.
Wield which item (- for none, * to show all)? (? for menu, Esc to quit)
It begins to drip with poison!
r - a +0 dagger of venom (weapon)
The jelly misses you.
You hit the jelly.
The jelly is poisoned.
Your hands burn!
The jelly is lightly wounded.
The jelly misses you.
You take 2 damage, and have 11/30 hp.
You hit the jelly.
Your hands burn!
* * * LOW HITPOINT WARNING * * *
The jelly is lightly wounded.
The jelly hits you.
* * * LOW HITPOINT WARNING * * *
You are splashed with acid!
The acid burns!
You die...

>. e .### ... .?# #(#
#.# #J# #@# #J# #.# #.#
.######(# ........#
........# #
........##########.###.
.........)............<


You could see 2 jellies.

Vanquished Creatures
  Sigmund (D:2)
  A phantom (D:7)
  2 orc priests (D:3)
  3 adders (D:3)
  2 giant geckos
  10 orcs
  11 bats
  4 giant cockroaches
  7 hobgoblins
  2 quokkas
  2 ball pythons (D:1)
  2 giant newts
  9 goblins
  8 kobolds
  13 rats
77 creatures vanquished.

Notes
Turn   | Place    | Note
--------------------------------------------------------------
     0 | D:1      | Goblin1989 the Spriggan Assassin began the quest for the Orb.
     0 | D:1      | Reached XP level 1. HP: 10/10 MP: 2/2
    56 | D:1      | Reached skill level 6 in Stealth
   404 | D:1      | Reached XP level 2. HP: 14/14 MP: 3/3
  1213 | D:2      | Reached XP level 3. HP: 18/18 MP: 4/4
  1239 | D:2      | Found a shattered altar of Ashenzari.
  1242 | D:2      | Found a shimmering altar of Xom.
  1248 | D:2      | Found an opulent altar of Gozag.
  1248 | D:2      | Found a bloodstained altar of Trog.
  1248 | D:2      | Found a glowing silver altar of Zin.
  1248 | D:2      | Found a burning altar of Makhleb.
  1250 | D:2      | Found a stormy altar of Qazlal.
  1251 | D:2      | Found a deep blue altar of Sif Muna.
  1252 | D:2      | Found a sacrificial altar of Ru.
  1382 | D:2      | Found a shattered altar of Ashenzari.
  1386 | D:2      | Saw a vision of the Shoals and the Snake Pit.
  1386 | D:2      | Noticed a mana viper
  1386 | D:2      | Noticed a naga mage
  1386 | D:2      | Noticed a mana viper
  1386 | D:2      | Noticed a naga
  1386 | D:2      | Noticed a black mamba
  1386 | D:2      | Noticed a black mamba
  1386 | D:2      | Noticed a naga warrior
  1386 | D:2      | Noticed a mana viper
  1386 | D:2      | Noticed a merfolk
  1386 | D:2      | Noticed a centaur
  1386 | D:2      | Noticed a centaur
  1386 | D:2      | Noticed a hippogriff
  1386 | D:2      | Noticed a merfolk
  1386 | D:2      | Noticed a merfolk
  1386 | D:2      | Noticed a sea snake
  1388 | D:2      | Noticed a siren
  1389 | D:2      | Noticed a mana viper
  1389 | D:2      | Noticed Sigmund
  1391 | D:2      | Noticed a naga
  1428 | D:2      | Killed Sigmund
  1428 | D:2      | Reached skill level 7 in Stealth
  1428 | D:2      | Reached XP level 4. HP: 22/22 MP: 5/5
  1428 | D:2      | Reached XP level 5. HP: 25/25 MP: 6/6
  1667 | D:3      | Reached skill level 5 in Short Blades
  1960 | D:3      | Reached XP level 6. HP: 30/30 MP: 7/7
  2446 | D:3      | jacquesderrida: Гремлин-спригстер
  2459 | D:3      | Goblin1989: hi
  2465 | D:3      | jacquesderrida: Ochen skritny
  2465 | D:3      | jacquesderrida: hi
  2645 | D:4      | You fall through a shaft for 3 floors!
  2690 | D:6      | Noticed Duvessa
  2694 | D:6      | Splashed by a jelly's acid

Action                   |  1- 3 |  4- 6 || total
-------------------------+-------+-------++-------
Melee: Dagger            |    65 |   101 ||   166
 Fire: Blowgun           |    10 |     3 ||    13
  Use: Potion            |     3 |       ||     3
 Stab: Sleeping          |    12 |    20 ||    32
       Distracted        |       |     3 ||     3
